 Dungeon Crawl Stone Soup version 0.23.0-33-g5e6c059 (webtiles) character file.

Game seed: 2027295071589393951

108 ohad the Changer (level 4, -3/28 HPs)
             Began as an Octopode Transmuter on Feb 26, 2019.
             Killed by divine providence
             ... invoked by an orc priest
              (14 damage)
             ... on level 3 of the Dungeon.
             The game lasted 00:04:09 (2508 turns).

ohad the Changer (Octopode Transmuter)              Turns: 2508, Time: 00:04:09

Health: -3/28      AC:  2    Str:  9    XL:     4   Next: 87%
Magic:  5/7        EV: 19    Int: 16    God:
Gold:   137        SH:  0    Dex: 17    Spells: 1/7 levels left

rFire    . . .     SeeInvis .     - Unarmed
rCold    . . .     Gourm    .   (shield currently unavailable)
rNeg     . . .     Faith    .   (helmet currently unavailable)
rPois    x         Spirit   .   (no amulet)
rElec    .         Reflect  .   (no ring)
rCorr    .         Harm     .   (no ring)
MR       .....                  (no ring)
Stlth    ++........             (no ring)
HPRegen  0.09/turn              (no ring)
MPRegen  0.10/turn              (no ring)
                                (no ring)
                                (no ring)

@: spider-form
A: tiny, almost no armour, stealthy swim, (amphibious), 8 rings, (constrict 8)
a: End Transformation


You were on level 3 of the Dungeon.
You were not hungry.
You were a venomous arachnid creature.
You visited 1 branch of the dungeon, and saw 3 of its levels.

You collected 137 gold pieces.

Inventory:

Missiles
 a - 32 arrows
 i - 11 javelins (quivered)
Jewellery
 j - an uncursed ring of fire
 n - a +3 ring of strength {unknown}
Scrolls
 d - 2 scrolls of remove curse
 e - a scroll of enchant armour
 h - a scroll of noise {unknown}
 l - 2 scrolls of identify {unknown}
 m - a scroll of fear {unknown}
Potions
 b - 3 potions of agility {unknown}
 f - 2 potions of mutation {unknown}
 g - 2 potions of flight {unknown}
 k - 2 potions of magic {unknown}
Comestibles
 c - 4 rations
 o - 7 chunks of flesh


   Skills:
 - Level 1.0 Fighting
 - Level 2.0 Dodging
 - Level 3.0 Unarmed Combat
 - Level 2.0 Spellcasting
 + Level 4.9 Transmutations


You had one spell level left.
You knew the following spells:

 Your Spells              Type           Power        Failure   Level  Hunger
a - Beastly Appendage     Tmut           ###...       10%         1    #......
b - Sticks to Snakes      Tmut           ###.....     13%         2    ###....
c - Spider Form           Tmut/Pois      #.........   43%         3    ###....

Your spell library contained the following spells:

 Spells                   Type           Power        Failure   Level  Hunger
 Ice Form                 Ice/Tmut       #.......     78%         4    #####..
 Blade Hands              Tmut           ###.......   78%         5    ######.


Dungeon Overview and Level Annotations

Branches:
Dungeon (3/15)

Altars:
Kikubaaqudgha

Annotations:
D:2 1 runed translucent door, Crazy Yiuf


Innate Abilities, Weirdness & Mutations

You cannot wear most types of armour.
You are very stealthy in the water. (Stealth+)
((You are amphibious.))
You can wear up to eight rings at the same time.
((You can use your tentacles to constrict eight enemies at once.))
((Your skin changes colour to match your surroundings (Stealth+).))
((Your rubbery body absorbs attacks. (AC +1, EV +1)))


Message History

The orc is severely wounded.
The orc barely misses you.
You hit the orc.
The orc looks as sick as possible!
The orc is almost dead.
You kill the orc!
You barely miss the kobold. The kobold hits you but does no damage.
You hit the kobold.
You kill the kobold!
The orc priest shouts!
You hit the orc.
The orc is poisoned.
The orc is heavily wounded.
The orc priest calls down the wrath of Beogh upon you.
Beogh smites you! The orc hits you with a +0 club.
You hit the orc but do no damage.
The orc looks even sicker.
The orc is severely wounded.
You kill the orc!
The orc priest mumbles some strange prayers to Beogh against you.
Beogh smites you!
Ouch! That really hurt!
You die...

#...... ##+#'######.# ..#
#...... #...........# ###
#......##...........#
#.......#...o..o....+
#..........)........#
###...)...#######
##.รท#.....# #...##+#.##
#.8.##.#s# #...##.#.# .
##..##.#.# ..#####.##.#.#
........##.#.##########
#.......##............#
#####....#...########.#######
####.#...# #........ #.....#
#########


You could see an orc priest and an orc wizard (wandering).

Vanquished Creatures
  An orc wizard (D:3)
  3 adders (D:2)
  A worm (D:2)
  A dart slug (D:2)
  A leopard gecko (D:2)
  2 orcs (D:3)
  A bat zombie (D:2)
  A giant cockroach (D:2)
  5 goblins
  9 hobgoblins
  4 kobolds
  A ball python (D:3)
  7 bats
  3 frilled lizards
  8 rats
48 creatures vanquished.

Notes
Turn   | Place    | Note
-------+----------+-------------------------------------------
     0 | D:1      | ohad the Octopode Transmuter began the quest for the Orb.
     0 | D:1      | Reached XP level 1. HP: 13/13 MP: 3/3
   163 | D:1      | Reached XP level 2. HP: 18/18 MP: 3/5
   485 | D:1      | Reached skill level 3 in Transmutations
   887 | D:2      | Reached XP level 3. HP: 20/23 MP: 4/6
   891 | D:2      | Learned a level 2 spell: Sticks to Snakes
   895 | D:2      | Learned a level 3 spell: Spider Form
  1153 | D:2      | Reached skill level 4 in Transmutations
  1217 | D:2      | Reached XP level 4. HP: 13/28 MP: 5/7
  2056 | D:2      | Found a runed translucent door.
  2057 | D:2      | Noticed Crazy Yiuf
  2187 | D:2      | Found an ancient bone altar of Kikubaaqudgha.
  2508 | D:3      | Killed from afar by an orc priest

Skill      XL: |  1  2  3 |
---------------+----------+-----
Transmutations | 3 4 |  4.9
Fighting       | |  1.0
Dodging        | |  2.0
Unarmed Combat | |  3.0
Spellcasting   | |  2.0

Action                   |  1- 3 |  4- 6 || total
-------------------------+-------+-------++-------
Melee: Unarmed           |    73 |    34 ||   107
       Constrict         |    14 |     8 ||    22
       Kick              |    12 |     1 ||    13
       Tentacles         |     4 |     4 ||     8
       Punch             |     1 |     2 ||     3
 Cast: Beastly Appendage |    14 |     5 ||    19
       Spider Form       |     2 |     2 ||     4
  Use: Scroll            |       |     2 ||     2
 Stab: Sleeping          |     3 |     3 ||     6
  Eat: Chunk             |     1 |     5 ||     6
Armor: Skin              |     5 |     5 ||    10
Dodge: Dodged            |    38 |    27 ||    65
